 Dungeon Crawl Stone Soup version 0.16.1 (console) character file.

74 gw the Cutter (level 4, -4/24 HPs)
             Began as a Vine Stalker Chaos Knight on Mar 24, 2015.
             Killed by divine providence
             ... invoked by an orc priest
              (8 damage)
             ... on level 3 of the Dungeon.
             The game lasted 00:03:04 (2025 turns).

gw the Cutter (Vine Stalker Chaos Knight)           Turns: 2025, Time: 00:03:04

Health: -4/24      AC:  7    Str: 14    XL:     4   Next: 30%
Magic:  0/5        EV: 11    Int: 12    God:    Xom [.....*]
Gold:   117        SH:  0    Dex: 15    Spells: 0 memorised, 3 levels left

rFire  . . .     SeeInvis .     b - +0 rapier
rCold  . . .     Clarity  .     p - +0 ring mail
rNeg   . . .     SustAb   .     (no shield)
rPois  .         Gourm    .     m - +0 helmet
rElec  .         Spirit   +     (no cloak)
rCorr  .         Warding  .     f - +0 pair of gloves
rMut   .         Stasis   .     (no boots)
MR     +....                    (no amulet)
Stlth  +.........               (no ring)
                                a - ring of protection from magic

@: lethally poisoned (-4 -> -5), radiating poison, very slightly contaminated,
hasted, very quick, somewhat resistant to hostile enchantments, very unstealthy
A: fangs 2, regeneration 1, magic shield, antimagic bite, no device heal 3, rot
immunity
a: Renounce Religion


You were on level 3 of the Dungeon.
You worshipped Xom.
You were Xom's teddy bear.
You were not hungry.

You visited 1 branch of the dungeon, and saw 3 of its levels.

You collected 117 gold pieces.

Inventory:

Hand weapons
 b - a +0 rapier (weapon)
Missiles
 n - 45 stones (quivered)
 q - 22 poisoned needles
Armour
 f - a +0 pair of gloves (worn)
 m - a +0 helmet (worn)
 p - a +0 ring mail (worn)
Jewellery
 a - a ring of protection from magic (left hand)
Scrolls
 d - a scroll of magic mapping
 e - 2 scrolls of remove curse
 i - a scroll of identify
 l - a scroll of blinking
Potions
 g - a potion of curing
Comestibles
 c - 4 bread rations
 h - a beef jerky
 k - a slice of pizza
 o - a chunk of flesh


   Skills:
 + Level 3.1 Fighting
 * Level 3.4 Short Blades
 + Level 1.3 Throwing
 - Level 1.5 Armour
 + Level 1.5 Dodging


You had 3 spell levels left.
You didn't know any spells.

Dungeon Overview and Level Annotations

Branches:
Dungeon (3/15)

Altars:

Annotations:
D:3 Marmotinha's ghost, average MiBe


Innate Abilities, Weirdness & Mutations

You have extremely sharp teeth.
Your natural rate of healing is unusually fast.
When hurt, damage is shared between your health and your magic reserves.
Your bite disrupts and absorbs the magic of your enemies.
Potions and wands cannot restore your health.
You are immune to rotting.


Message History

You feel sick.
The orc priest calls down the wrath of Beogh upon you.
Something smites you!
A shower of butterflies erupts from you!
The orc priest misses your butterfly.
You are very lightly contaminated with residual magic.
Unknown command.
Unknown command.
Unknown command.
ATTACK MOVE TO (-1,-1)
You hit the orc but do no damage. Your bite misses the orc.
The orc is moderately wounded.
You are more poisoned.
You kill the butterfly! x3
The orc looks even sicker.
The orc priest looks even sicker.
The orc priest looks even sicker.
The orc priest calls down the wrath of Beogh upon you.
Something smites you!
You die...
Xom laughs nastily!

###.......... . ##.....#
.##...
....#########.....# . ..
.....#.)..........)#
......#.)...........#
.......#.............#
...(o..#...........#.#
......(##.....####.#+#
......oo##.............
..$.....f...............
.......................
####.......###.......
#....#### ......>
......# ...... ######.#
..... #.# .... #.. # #.#


You could see 2 orc priests and an orc.

Table legend:
 A = Turns spent in this place as a percentage of turns spent in the entire game.
 B = Non-inter-level travel turns spent in this place as a percentage of non-inter-level travel turns spent in the entire game.
 C = Inter-level travel turns spent in this place as a percentage of turns spent in this place.
 D = Turns resting spent in this place as a percentage of non-inter-level travel turns spent in this place.
 E = Turns spent auto-exploring this place as a percentage of non-inter-level travel turns spent in this place.
 F = Non-inter-level travel turns spent in this place divided by the number of levels of this place that you've seen.
                   A       B       C       D       E      F
               +-------+-------+-------+-------+-------+----------------------
         Total | 100.0 | 100.0 |   0.5 |   0.5 |   2.7 | 1290.0
       Dungeon | 100.0 | 100.0 |   0.5 |   0.5 |   2.7 | 1290.0
               +-------+-------+-------+-------+-------+----------------------

Table legend:
 A = Kills in this place as a percentage of kills in entire the game.
 B = Kills by you in this place as a percentage of kills by you in the entire game.
 C = Kills by friends in this place as a percentage of kills by friends in the entire game.
 D = Other kills in this place as a percentage of other kills in the entire game.
 E = Experience gained in this place as a percentage of experience gained in the entire game.
 F = Experience gained in this place divided by the number of levels of this place that you have seen.
                   A       B       C       D       E      F
               +-------+-------+-------+-------+-------+----------------------
         Total | 100.0 | 100.0 |  -nan |  -nan | 100.0 |  35.7
       Dungeon | 100.0 | 100.0 |  -nan |  -nan | 100.0 |  35.7
               +-------+-------+-------+-------+-------+----------------------

Vanquished Creatures
  2 worms (D:2)
  2 giant geckos (D:2)
  9 orcs (D:3)
  5 hobgoblins
  5 jackals
  7 bats
  9 goblins
  5 kobolds
  3 rats
  3 butterflies (D:3)
50 creatures vanquished.

Notes
Turn   | Place    | Note
--------------------------------------------------------------
     0 | D:1      | gw, the Vine Stalker Chaos Knight, began the quest for the Orb.
     0 | D:1      | Reached XP level 1. HP: 11/11 MP: 1/1
    22 | D:1      | XOM: silly message
   263 | D:1      | Reached XP level 2. HP: 7/16 MP: 3/3
   464 | D:1      | Reached skill level 3 in Short Blades
   656 | D:1      | Reached skill level 1 in Dodging
   883 | D:2      | XOM: stealth player
   915 | D:2      | XOM: divination: detect items
   919 | D:2      | Reached skill level 1 in Throwing
   919 | D:2      | Reached XP level 3. HP: 20/20 MP: 4/4
  1469 | D:2      | XOM: colour smoke trail
  1737 | D:3      | Reached XP level 4. HP: 21/24 MP: 5/5
  1801 | D:3      | Noticed Marmotinha's ghost (average MiBe)
  1803 | D:3      | XOM: divination: magic mapping
  1809 | D:3      | XOM: cast spell 'Summon Butterflies'
  1817 | D:3      | XOM: potion effect (brilliance)
  1818 | D:3      | XOM: potion effect (brilliance)
  2023 | D:3      | XOM: cast spell 'Olgreb's Toxic Radiance'
  2024 | D:3      | XOM: butterfly on damage
  2025 | D:3      | Killed from afar by an orc priest

Action                   |  1- 3 |  4- 6 || total
-------------------------+-------+-------++-------
Melee: Short sword       |    65 |       ||    65
       Rapier            |    35 |    25 ||    60
Throw: Stone             |    78 |    22 ||   100
  Use: Scroll            |     6 |       ||     6
       Potion            |     4 |     3 ||     7
  Eat: Chunk             |     3 |     2 ||     5

Vault maps used:
D:1:      tarquinn_simple_flora_water_b, serial_forest,
          infiniplex_forest_corner_1, infiniplex_forest_end_1,
          infiniplex_forest_end_1, infiniplex_forest_straight_3,
          infiniplex_forest_straight_4, infiniplex_forest_zigzag_2,
          infiniplex_forest_end_2, dk_noncrumbling_4, minivault_11
D:3:      first_bread, uniq_crazy_yiuf_cottage
